 Dungeon Crawl Stone Soup version 0.30.0-10-gfe55d96785 (webtiles) character file.

Game seed: 11163135038871652128

464512 freelancePsychic the Metallomancer (level 23, 0/196 HPs)
             Began as a Demonspawn Monk on May 13, 2023.
             Was the Champion of Vehumet.
             Slain by Woadakig's ghost (30 damage)
             ... on level 3 of the Vaults.
             The game lasted 01:54:42 (40089 turns).

freelancePsychic the Metallomancer (DsMo)          Turns: 40089, Time: 01:54:43

Health: 0/196      AC: 25    Str: 16    XL:     23   Next: 13%
Magic:  0/47       EV: 20    Int: 28    God:    Vehumet [******]
Gold:   3278       SH:  7    Dex: 21    Spells: 9/45 levels left

rFire   + + +        a - staff of earth "Bufim" {SInv}
rCold   + + +        e - +1 buckler of Biaculis {rElec rN+ MP+9}
rNeg    + + .        d - +8 fire dragon scales
rPois   +            z - +1 helmet {Int+3}
rElec   +            x - scarf {rC+ rF+}
rCorr   .            A - +2 pair of gloves
SInv    +            (boots unavailable)
Will    .....        g - amulet of regeneration
Stlth   +            X - ring "Gaur" {rF- rC++ Str+3 Int+6 Dex+3}
HPRegen 1.32/turn    E - ring "Trusted Companion" {Drain rF+ rC+ rN+ SInv}
MPRegen 0.60/turn

%: guardian spirit
@: about to teleport, weak-willed
A: hooves 3, spiny 3, magic shield, magic regeneration, magic link, sturdy frame
3, corrupting presence 1, cold resistance 1, poison resistance
}: 3/15 runes: decaying, silver, gossamer
a: Renounce Religion


You were on level 3 of the Vaults.
You worshipped Vehumet.
Vehumet was exalted by your worship.
You visited 10 branches of the dungeon, and saw 44 of its levels.
You also visited: Bailey.

You collected 5333 gold pieces.
You spent 2055 gold pieces at shops.

Inventory:

Missiles
 L - 3 throwing nets
Armour
 d - +8 fire dragon scales (worn)
 e - the +1 buckler of Biaculis (worn) {rElec rN+ MP+9}
   (You found it on level 14 of the Dungeon)

   rElec:     It insulates you from electricity.
   rN:        It protects you from negative energy.
   MP:        It affects your magic capacity (+9).
 v - a scarf of repulsion
 x - a scarf of resistance (worn)
 z - a +1 helmet of intelligence (worn)
 A - a +2 pair of gloves (worn)
Magical Staves
 a - the staff of earth "Bufim" (weapon) {SInv}
   (You found it on level 3 of the Elven Halls)

   [staff of earth]

   Base accuracy: +5 Base damage: 5 Base attack delay: 1.2 This weapon's minimum
   attack delay (0.6) is reached at skill level 12.
   SInv:      It lets you see invisible.
   It falls into the 'Staves' category.
   It is a one-handed weapon.
 w - the staff of fire "Ascheu Qerek" {*Slow rF+ rCorr Str+2 Int+3}
   (You found it on level 3 of the Elven Halls)

   [staff of fire]

   Base accuracy: +5 Base damage: 5 Base attack delay: 1.2 This weapon's minimum
   attack delay (0.6) is reached at skill level 12.
   Str:       It affects your strength (+2).
   Int:       It affects your intelligence (+3).
   rF:        It protects you from fire.
   rCorr:     It protects you from acid and corrosion.
   *Slow:     It may slow you when you take damage.
   It falls into the 'Staves' category.
   It is a one-handed weapon.
Jewellery
 g - an amulet of regeneration (around neck)
 t - the ring of Dim Light {Fly rCorr Int+3 Dex+3}
   (You found it on level 3 of the Elven Halls)

   [ring of flight]

   Int:       It affects your intelligence (+3).
   Dex:       It affects your dexterity (+3).
   Fly:       It grants you flight.
   rCorr:     It protects you from acid and corrosion.
 u - a +5 ring of evasion
 B - a ring of wizardry
 E - the ring "Trusted Companion" (right hand) {Drain rF+ rC+ rN+ SInv}
   (You took it off an orc warlord in a bailey)

   [ring of see invisible]

   rF:        It protects you from fire.
   rC:        It protects you from cold.
   rN:        It protects you from negative energy.
   SInv:      It lets you see invisible.
   Drain:     It drains your maximum health when unequipped.
 X - the ring "Gaur" (left hand) {rF- rC++ Str+3 Int+6 Dex+3}
   (You acquired it on level 2 of the Orcish Mines)

   [ring of intelligence]

   Str:       It affects your strength (+3).
   Int:       It affects your intelligence (+6).
   Dex:       It affects your dexterity (+3).
   rF:        It makes you vulnerable to fire.
   rC:        It greatly protects you from cold.
Wands
 k - a wand of iceblast (48)
 o - a wand of polymorph (25)
 F - a wand of flame (111)
 K - a wand of charming (40)
 R - a wand of light (24)
 U - a wand of mindburst (30)
Scrolls
 f - 6 scrolls of amnesia
 q - a scroll of poison
 s - 8 scrolls of teleportation {@r4}
 y - 4 scrolls of brand weapon
 C - 8 scrolls of blinking
 D - 5 scrolls of enchant weapon
 J - 4 scrolls of immolation
 N - a scroll of fear
 O - 5 scrolls of magic mapping
 Q - 7 scrolls of fog
 S - 20 scrolls of identify {@r1}
 W - 3 scrolls of silence
Potions
 b - 5 potions of flight
 c - 9 potions of ambrosia
 h - 3 potions of mutation
 i - a potion of magic
 j - 6 potions of heal wounds {@q2}
 l - 7 potions of brilliance
 m - 12 potions of curing {@q1}
 n - 4 potions of might
 r - 3 potions of haste {@q3}
 G - 8 potions of degeneration
 H - a potion of invisibility
 I - 3 potions of cancellation
 P - 8 potions of resistance
 Z - 8 potions of lignification
Miscellaneous
 p - a phial of floods
 V - a lightning rod (4/4)


   Skills:
 + Level 19.8 Fighting
 - Level 4.3 Short Blades
 - Level 9.0 Armour
 - Level 12.0 Dodging
 - Level 5.0 Shields
 + Level 11.7 Spellcasting
 - Level 13.0 Conjurations
 - Level 2.0 Translocations
 - Level 4.1 Fire Magic
 - Level 4.0 Ice Magic
 - Level 6.6 Air Magic
 * Level 25.5 Earth Magic


You had 9 spell levels left.
You knew the following spells:

 Your Spells              Type           Power      Damage    Failure   Level
a - Iron Shot             Conj/Erth      56%        9d11      1%          6
b - Freezing Cloud        Conj/Ice/Air   28%        6-21      1%          5
c - Lee's Rapid Deconstr  Erth           63%        3d29*     0%          5
d - Shatter               Erth           63%        3d47*     4%          9
e - Arcjolt               Conj/Air       32%        1d42      1%          5
f - Apportation           Tloc           54%        N/A       2%          1
i - Iskenderun's Battles  Conj           74%        2d12      1%          5

Your spell library contained the following spells:

 Spells                   Type           Power      Damage    Failure   Level
 Polar Vortex             Ice            19%        N/A       100%        9
 Stone Arrow              Conj/Erth      100%       3d13      0%          3
 Foxfire                  Conj/Fire      100%       2x1d9     1%          1
 Freeze                   Ice            100%       1d10      1%          1
 Kiss of Death            Conj/Necr      100%       2d13      1%          1
 Momentum Strike          Conj/Tloc      100%       3d10      1%          2
 Passwall                 Tmut/Erth      77%        N/A       1%          2
 Scorch                   Fire           78%        2d8       1%          2
 Static Discharge         Conj/Air       100%       2-7/arc   1%          2
 Dazzling Flash           Conj/Hex       100%       N/A       1%          3
 Frozen Ramparts          Ice            76%        1d12      1%          3
 Hailstorm                Conj/Ice       59%        3d13      1%          3
 Mephitic Cloud           Conj/Pois/Air  52%        N/A       1%          3
 Animate Armour           Summ/Erth      100%       N/A       1%          4
 Flame Wave               Conj/Fire      59%        2d14      1%          4
 Petrify                  Tmut/Erth      93%        N/A       1%          4
 Fireball                 Conj/Fire      29%        3d13      1%          5
 Blink                    Tloc           54%        N/A       3%          2
 Cigotuvi's Dreadful Rot  Necr/Pois/Air  56%        N/A       3%          2
 Lesser Beckoning         Tloc           54%        N/A       3%          2
 Ozocubu's Armour         Ice            38%        N/A       3%          3
 Vhi's Electric Charge    Tloc/Air       80%        N/A       3%          3
 Lehudib's Crystal Spear  Conj/Erth      56%        10d13     3%          8
 Conjure Ball Lightning   Conj/Air       32%        3x3d10    4%          6
 Statue Form              Tmut/Erth      62%        N/A       4%          6
 Beastly Appendage        Tmut           32%        N/A       5%          1
 Orb of Destruction       Conj           37%        9d11      6%          7
 Gell's Gravitas          Tloc           27%        N/A       8%          3
 Teleport Other           Tloc           27%        N/A       8%          3
 Wereblood                Tmut           16%        N/A       9%          2
 Confusing Touch          Hex            16%        N/A       17%         3
 Spider Form              Tmut/Pois      16%        N/A       17%         3
 Tukima's Dance           Hex            16%        N/A       17%         3
 Ice Form                 Ice/Tmut       27%        N/A       24%         4
 Manifold Assault         Tloc           27%        N/A       24%         4
 Passage of Golubria      Tloc           27%        N/A       24%         4
 Summon Ice Beast         Ice/Summ       27%        N/A       24%         4
 Yara's Violent Unravell  Hex/Tmut       8%         3d5       36%         5
 Dispel Undead            Necr           16%        3d10      50%         4
 Metabolic Englaciation   Hex/Ice        13%        N/A       56%         5
 Summon Forest            Summ/Tloc      11%        N/A       71%         5
 Alistair's Intoxication  Tmut/Pois      10%        N/A       83%         5
 Summon Mana Viper        Hex/Summ       16%        N/A       83%         5
 Dispersal                Tloc           13%        N/A       98%         6
 Summon Cactus Giant      Summ           8%         N/A       100%        6
 Malign Gateway           Summ/Tloc      11%        N/A       100%        7
 Disjunction              Tloc           13%        N/A       100%        8
 Summon Horrible Things   Summ           8%         N/A       100%        8
 Chain Lightning          Conj/Air       32%        3d42      100%        9


Dungeon Overview and Level Annotations

Branches:
Dungeon (15/15)            Temple (1/1) D:5            Lair (5/5) D:8
  Swamp (4/4) Lair:2       Spider (4/4) Lair:2        Slime (0/5) Lair:4
    Orc (2/2) D:10            Elf (3/3) Orc:2        Vaults (5/5) D:13
  Crypt (1/3) Vaults:3     Depths (4/4) D:15            Zot (0/5) Depths:4
 Bailey (visited)

Altars:
Ashenzari
Cheibriados
Dithmenos
Fedhas
Gozag
Hepliaklqana
Kikubaaqudgha
Makhleb
Okawaru
Qazlal
Ru
Sif Muna
Trog
Vehumet
Xom
Jiyva

Shops:
D:8 [   Orc:2 !??[   Elf:1 (   Vaults:3 [   Depths:1 (   Depths:4 [

Portals:
Hell: Depths:4

Annotations:
D:5 3 runed translucent doors, hattop's ghost, novice TeCj; mnelsen79's ghost, novice MiBe; snackwell's ghost, weakling OgDe
D:8 2 transporters, browni3141's ghost, journeyman FoIE
D:12 1 transporter, quinnr's ghost, journeyman TeVM
D:13 3 runed translucent doors, Liimbo's ghost, journeyman FoWn
Swamp:1 3 runed translucent doors, scisormetimb3rs's ghost, adept AtBe
Elf:2 4 runed translucent doors, Soammui's ghost, adept MiBe
Vaults:3 Woadakig's ghost, veteran FoFi; rrossfarrar's ghost, veteran BaFi
Crypt:1 Fainec's ghost, veteran GrEE; Hynnuzim's ghost, veteran CeHu; Jetyrhek's ghost, veteran GrEE; Kucw's ghost, adept GrFi; Xenat's ghost, veteran MiGl


Innate Abilities, Weirdness & Mutations

You have hooves in place of feet.
You are completely covered in sharp spines.
When hurt, damage is shared between your health and your magic reserves.
You regenerate magic rapidly.
When low on magic, you restore magic in place of health.
Your movements are significantly less encumbered by armour. (ER -6)
Your presence sometimes corrodes those you injure.
Your flesh is cold resistant. (rC+)
Your system is resistant to poisons. (rPois)


Message History

Rrossfarrar's ghost hits you! You block the ghoul's attack.
The ghoul claws you but does no damage. You block Woadakig's ghost's attack.
You feel a surge of power!
The iron shot misses the ghoul.
Rrossfarrar's ghost hits you! The ghoul is struck by your spines.
The ghoul barely misses you. The ghoul claws you. Woadakig's ghost hits you!!
Woadakig's ghost freezes you.
You are too injured to fight recklessly!
As you read the scroll of teleportation {@r4}, it crumbles to dust.
You feel strangely unstable.
Rrossfarrar's ghost is no longer covered in acid.
You block rrossfarrar's ghost's attack. The ghoul completely misses you.
You block the ghoul's attack.
Woadakig's ghost is struck by your spines.
Your corrupting presence corrodes Woadakig's ghost!
Woadakig's ghost closely misses you. The ghoul attacks as you move away!
The ghoul is struck by your spines. The ghoul misses you. The ghoul claws you!
You block Woadakig's ghost's attack.
Casting: Iron Shot (mildly dangerous; 1% risk of failure)
Confirm with . or Enter, or press ? or * to list all spells.
Electricity surges outward!
The ghoul is struck by an electric surge.
The ghoul is severely damaged.
Woadakig's ghost is struck by an electric surge!
Woadakig's ghost is moderately damaged.
Rrossfarrar's ghost resists.
Rrossfarrar's ghost is struck by an electric surge!
Rrossfarrar's ghost is lightly damaged.
Rrossfarrar's ghost closely misses you. The ghoul is struck by your spines.
The ghoul claws you! The ghoul claws you but does no damage.
Woadakig's ghost is struck by your spines.
Woadakig's ghost hits you!!
You barely miss the ghoul. You kick the ghoul!
The ghoul is almost destroyed.
Woadakig's ghost is no longer covered in acid.
Rrossfarrar's ghost hits you!
* * * LOW HITPOINT WARNING * * *
The ghoul claws you!!
* * * LOW HITPOINT WARNING * * *
The ghoul claws you but does no damage. Woadakig's ghost hits you!!
You die...

.####'####.......................
.................................
.................................
#########.........##############'
#.........# #... #.........# #.#.
#.........# #... #.........# #...
#.......@.# #..# #......nWW# #...
#.........# #... #.........#
..### #.........# .. #.........#
#.........# +.......[.#
#.........#


You could see a ghoul, Woadakig's ghost and rrossfarrar's ghost.

Vanquished Creatures
  3 ancient liches
  Mara (Vaults:5)
  Boris (Depths:4)
  Vv (Depths:3)
  Margery (Vaults:4)
  Bai Suzhen (Spider:4)
  The ghost of Ciwiv the Executioner, a veteran FoFi of Dithmenos (Vaults:3)
  Saint Roka (Vaults:1)
  5 golden dragons
  Jory (Vaults:5)
  2 tentacled monstrosities
  3 liches
  Asterion (Vaults:1)
  6 deep elf master archers (Elf:3)
  2 quicksilver dragons
  A titan (Vaults:5)
  5 sphinxes
  4 deep elf blademasters (Elf:3)
  2 ancient champions (Crypt:1)
  3 shadow dragons (Vaults:5)
  Agnes (Lair:2)
  4 storm dragons (Vaults:5)
  4 tengu reavers
  3 thorn hunters
  A fenstrider witch (Swamp:3)
  3 iron dragons
  A draconian knight (Depths:4)
  9 frost giants
  5 deep elf sorcerers
  2 ghost moths (Spider:4)
  6 fire giants
  14 vault wardens
  Aizul (Spider:2)
  5 emperor scorpions (Spider:4)
  A juggernaut zombie (Depths:2)
  4 deep elf elementalists (Elf:3)
  A curse skull (Crypt:1)
  2 broodmothers (Spider:4)
  2 spriggan defenders (Depths:4)
  18 very ugly things
  15 ironbound preservers
  An orc warlord (Bailey)
  A war gargoyle (Vaults:2)
  3 ironbound thunderhulks
  3 green draconians (Depths:4)
  Nessos (Lair:5)
  2 deep elf demonologists
  13 stone giants
  A black draconian (Depths:4)
  4 vampire knights
  2 white draconians (Depths:4)
  12 deep elf annihilators
  2 yellow draconians (Depths:4)
  6 eleionomae
  5 bunyips
  7 spark wasps
  4 dire elephants (Vaults:1)
  2 red draconians (Depths:4)
  2 deep elf death magi
  Josephine (D:11)
  13 ettins
  6 deep elf high priests
  3 crystal guardians (Depths:2)
  3 great orbs of eyes
  9 fire dragons
  9 entropy weavers
  2 shambling mangroves
  2 jiangshi (Depths:4)
  10 yaktaur captains
  3 ghost crabs
  7 ogre magi
  2 spriggan air magi
  2 radroaches (Spider:2)
  6 ice dragons
  2 rakshasas
  6 ironbound frosthearts
  A peacekeeper (Vaults:2)
  15 hydras
  25 vault guards (Vaults:5)
  3 boulder beetles
  A radroach (shapeshifter) (Vaults:5)
  20 two-headed ogres
  3 catoblepae
  9 centaur warriors
  9 alligators
  15 dancing weapons
  7 death yaks
  4 deep troll earth magi
  A two-headed ogre (shapeshifter) (Elf:2)
  An orc high priest (Elf:3)
  9 deep troll shamans
  4 spriggan berserkers
  7 tengu warriors
  Nergalle (Lair:3)
  2 vampire magi
  39 hell knights
  4 sun demons
  6 deep elf knights
  12 skeletal warriors
  Sonja (Lair:3)
  5 iron trolls
  4 pharaoh ants
  4 skysharks
  A sea snake (shapeshifter) (Vaults:5)
  2 sun moths
  A golden dragon zombie (Depths:2)
  2 glowing orange brains
  A death drake (Swamp:4)
  3 goliath frogs
  58 deep trolls
  5 flayed ghosts
  3 bog bodies
  12 orb spiders
  5 steelbarb worms
  19 deep elf archers
  11 swamp dragons
  An orc knight (Vaults:5)
  A spriggan simulacrum (Depths:2)
  5 phantasmal warriors
  5 spriggan druids
  13 necromancers
  11 ironbound convokers
  A lindwurm (Lair:5)
  14 wizards
  21 deep elf zephyrmancers
  A cyclops (shapeshifter) (Depths:3)
  5 harpies (Vaults:4)
  17 ugly things
  23 deep elf pyromancers
  2 orc sorcerers
  2 will-o-the-wisps (Swamp:4)
  15 wolf spiders
  2 manticores
  A salamander (shapeshifter) (D:15)
  6 cyclopes
  8 elephants
  2 moths of wrath
  A manticore (shapeshifter) (D:13)
  3 black mambas
  7 demonic crawlers
  4 torpor snails
  23 vault sentinels
  A cane toad (shapeshifter) (Depths:4)
  5 cane toads
  A kobold demonologist (D:14)
  A komodo dragon (shapeshifter) (D:14)
  4 rime drakes
  40 yaktaurs
  8 komodo dragons
  2 tengu conjurers
  10 polar bears
  A queen bee (Lair:3)
  3 bloated husks
  6 trolls
  6 tyrant leeches
  A queen bee (shapeshifter) (D:13)
  6 hornets
  19 tarantellas
  22 blink frogs
  7 dream sheep
  Prince Ribbit (D:8)
  A blink frog (shapeshifter) (Vaults:2)
  5 raiju (Lair:5)
  34 jumping spiders
  10 slime creatures
  2 flying skulls (Crypt:1)
  A slime creature (shapeshifter) (Depths:3)
  An air elemental (Elf:3)
  20 culicivoras
  A shadow (D:11)
  5 spriggans
  5 wyverns
  7 wraiths
  4 water elementals
  54 yaks
  4 basilisks
  2 steam dragons
  A neqoxec (D:9)
  3 vampire mosquitoes
  A fire elemental (Elf:3)
  47 redbacks
  A redback (shapeshifter) (Vaults:5)
  13 swamp worms
  4 acid dragons (Lair:5)
  8 wargs
  12 hell hounds (Lair:5)
  12 water moccasins
  Duvessa (D:5)
  9 swamp drakes
  A floating eye (shapeshifter) (Vaults:5)
  23 orc warriors
  9 ice beasts
  A sky beast (D:8)
  13 black bears
  30 ogres
  A black bear (shapeshifter) (D:15)
  21 wolves
  9 centaurs
  2 phantoms
  2 kobold brigands
  9 bullfrogs
  2 gnoll sergeants
  2 scorpions
  4 earth elementals
  Dowan (Temple)
  33 killer bees
  2 howler monkeys
  9 electric eels
  2 quasits (D:9)
  2 hounds
  10 orc priests
  7 jellies
  Jessica (D:2)
  10 iguanas
  12 hell rats
  Natasha (thrice) (D:2)
  15 orc wizards
  Robin (D:2)
  19 gnolls
  10 adders
  A shadow imp (D:5)
  3 white imps
  An ufetubus (D:5)
  A worm (D:3)
  2 dart slugs
  71 orcs
  4 endoplasms
  2 giant cockroaches
  28 goblins
  11 hobgoblins
  6 jackals
  31 kobolds
  3 quokkas
  10 ball pythons
  4 bats
  7 frilled lizards
  3 rats
  A butterfly (Lair:5)
  A spectral weapon (Vaults:1)
1701 creatures vanquished.

Vanquished Creatures (others)
  A deep elf knight (Elf:1)
  A spriggan (Swamp:3)
  2 moths of wrath (D:12)
  A troll (D:12)
  A bloated husk (Swamp:3)
  A hornet (Swamp:3)
  A butterfly (D:6)
  14 foxfires (Swamp:4)
22 creatures vanquished.

Grand Total: 1723 creatures vanquished

Notes
Turn   | Place    | Note
-------+----------+-------------------------------------------
     0 | D:1      | freelancePsychic the Demonspawn Monk began the quest for
                  | the Orb.
     0 | D:1      | Reached XP level 1. HP: 18/18 MP: 1/1
   256 | D:1      | Gained mutation: You are partially covered in sharp spines.
                  | [demonic ancestry]
   256 | D:1      | Reached XP level 2. HP: 18/24 MP: 2/2
   894 | D:2      | Reached skill level 1 in Shields
   894 | D:2      | Reached XP level 3. HP: 29/29 MP: 3/3
  1023 | D:2      | Found a radiant altar of Vehumet.
  1092 | D:2      | Became a worshipper of Vehumet
  1092 | D:2      | Reached * piety under Vehumet
  1092 | D:2      | Offered knowledge of Shock by Vehumet.
  1092 | D:2      | Reached ** piety under Vehumet
  1179 | D:2      | Noticed Robin
  1219 | D:2      | Killed Robin
  1220 | D:2      | Gained mutation: You regenerate magic rapidly. [demonic
                  | ancestry]
  1220 | D:2      | Reached XP level 4. HP: 24/35 MP: 4/4
  1281 | D:2      | Noticed Natasha
  1312 | D:2      | Killed Natasha
  1312 | D:2      | Offered knowledge of Kiss of Death by Vehumet.
  1462 | D:2      | Noticed Natasha
  1470 | D:2      | Killed Natasha
  1471 | D:2      | Reached skill level 1 in Spellcasting
  1536 | D:2      | Noticed Natasha
  1542 | D:2      | Killed Natasha
  1543 | D:2      | Gained mutation: You have large cloven feet. [demonic
                  | ancestry]
  1543 | D:2      | Reached XP level 5. HP: 39/42 MP: 6/6
  1699 | D:2      | Noticed Jessica
  1714 | D:2      | Killed Jessica
  2058 | D:3      | Offered knowledge of Momentum Strike by Vehumet.
  2079 | D:3      | Learned a level 2 spell: Momentum Strike
  2168 | D:3      | Noticed a shining eye
  2170 | D:3      | Found a faded altar of an unknown god.
  2173 | D:3      | Noticed a great orb of eyes
  2178 | D:3      | Noticed a floating eye
  2181 | D:3      | Noticed a golden eye
  2251 | D:3      | Reached *** piety under Vehumet
  2342 | D:3      | Found a large runed translucent door.
  2342 | D:3      | Found a large runed translucent door.
  2370 | D:3      | Found a burning altar of Makhleb.
  2373 | D:3      | Found a broken altar of Ashenzari.
  2616 | D:4      | Noticed a phantom
  2638 | D:4      | Killed a phantom
  2639 | D:4      | Reached skill level 1 in Conjurations
  2639 | D:4      | Gained mutation: You have hoof-like feet. [demonic
                  | ancestry]
  2639 | D:4      | Reached XP level 6. HP: 45/48 MP: 7/9
  2826 | D:4      | Offered knowledge of Fulminant Prism by Vehumet.
  2931 | D:4      | You are sucked into a shaft and drop 1 floor!
  2931 | D:5      | Entered Level 5 of the Dungeon
  2983 | D:4      | Gained mutation: You are mostly covered in sharp spines.
                  | [demonic ancestry]
  2983 | D:4      | Reached XP level 7. HP: 51/55 MP: 8/11
  3050 | D:4      | Found an opulent altar of Gozag.
  3103 | D:4      | Found a sacrificial altar of Ru.
  3360 | D:5      | Noticed Duvessa
  3361 | D:5      | Noticed Dowan
  3430 | D:4      | Reached skill level 1 in Translocations
  3731 | D:5      | Reached **** piety under Vehumet
  3895 | D:5      | Killed Duvessa
  4008 | D:5      | Reached skill level 5 in Fighting
  4009 | D:5      | Found a staircase to the Ecumenical Temple.
  4049 | Temple   | Entered the Ecumenical Temple
  4072 | Temple   | Killed Dowan
  4169 | D:5      | Offered knowledge of Flame Wave by Vehumet.
  4175 | D:5      | Learned a level 4 spell: Flame Wave
  4200 | D:5      | Reached XP level 8. HP: 55/62 MP: 14/14
  4448 | D:5      | Found a shimmering altar of Xom.
  4467 | D:5      | Reached skill level 1 in Fire Magic
  4527 | D:5      | Found a runed translucent gate.
  4528 | D:5      | Found a runed translucent gate.
  4529 | D:5      | Found a runed translucent gate.
  4530 | D:5      | Noticed snackwell's ghost (weakling OgDe)
  4531 | D:5      | Noticed snackwell's ghost (weakling OgDe)
  4531 | D:5      | Noticed mnelsen79's ghost (novice MiBe)
  4531 | D:5      | Noticed hattop's ghost (novice TeCj)
  5074 | D:6      | Learned a level 3 spell: Stone Arrow
  5583 | D:6      | Found an iron altar of Okawaru.
  5783 | D:7      | Reached skill level 5 in Spellcasting
  5783 | D:7      | Reached XP level 9. HP: 69/69 MP: 16/16
  6395 | D:8      | Reached skill level 5 in Conjurations
  6449 | D:8      | Reached skill level 1 in Earth Magic
  6508 | D:8      | Noticed browni3141's ghost (journeyman FoIE)
  6510 | D:8      | Identified the ring of Ascent {Fly rPois rC- rN++ rCorr}
  6536 | D:8      | Noticed a rime drake
  6541 | D:8      | Killed a rime drake
  6541 | D:8      | Reached ***** piety under Vehumet
  6548 | D:8      | Reached skill level 5 in Shields
  6549 | D:8      | Offered knowledge of Eringya's Noxious Bog by Vehumet.
  6658 | D:8      | Found a staircase to the Lair.
  6840 | D:8      | Reached XP level 10. HP: 77/77 MP: 19/19
  6912 | D:8      | Found Waneoqau's Armour Shop.
  6946 | D:8      | Bought the +2 helmet of Goico {Dex+2} for 334 gold pieces
  7104 | D:8      | Noticed Prince Ribbit
  7106 | D:8      | Killed Prince Ribbit
  7150 | D:8      | Found a transporter.
  7154 | D:8      | Found a transporter.
  7316 | D:9      | Noticed a sun demon
  7389 | D:9      | Noticed a two-headed ogre
  7399 | D:9      | Killed a two-headed ogre
  7501 | D:9      | Reached skill level 2 in Earth Magic
  7551 | D:9      | Gained mutation: You occasionally lose the ability to read
                  | scrolls when taking damage. [a neqoxec]
  7658 | D:9      | Found a flagged portal.
  7664 | Bailey   | Entered a bailey
  7678 | Bailey   | Noticed an orc warlord
  7793 | Bailey   | Found a runed translucent gate.
  7793 | Bailey   | Found a runed translucent gate.
  7793 | Bailey   | Found a runed translucent gate.
  7920 | Bailey   | Identified the ring "Trusted Companion" {Drain rF+ rC+ rN+
                  | SInv}
  7931 | Bailey   | Killed an orc warlord
  7932 | Bailey   | Reached skill level 3 in Earth Magic
  8006 | Bailey   | Identified the +1 trident "Jaulu" {freeze, rPois}
  8047 | Bailey   | Acquired a staff of conjuration
  8262 | D:10     | Entered Level 10 of the Dungeon
  8308 | D:10     | Gained mutation: Your movements are slightly less
                  | encumbered by armour. (ER -2) [demonic ancestry]
  8308 | D:10     | Reached XP level 11. HP: 75/86 MP: 21/21
  8602 | D:10     | Reached skill level 4 in Earth Magic
  8719 | D:10     | Offered knowledge of Olgreb's Toxic Radiance by Vehumet.
  8782 | D:10     | Found a staircase to the Orcish Mines.
  8978 | D:9      | Noticed a sun demon
  8986 | D:9      | Killed a sun demon
  9120 | D:8      | Killed a sun demon
  9131 | Lair:1   | Entered Level 1 of the Lair of Beasts
  9247 | Lair:1   | Identified the +5 morningstar of Armageddon {flame, Fragile
                  | rElec Str+8}
  9307 | Lair:1   | Reached skill level 5 in Earth Magic
  9725 | Lair:2   | Reached skill level 10 in Conjurations
  9841 | Lair:2   | Noticed a five-headed hydra
  9853 | Lair:2   | Killed a five-headed hydra
  9900 | Lair:2   | Noticed a skyshark
 10095 | Lair:2   | Gained mutation: When hurt, damage is shared between your
                  | health and your magic reserves. [demonic ancestry]
 10095 | Lair:2   | Reached XP level 12. HP: 61/97 MP: 24/24
 10202 | Lair:2   | Found a hole to the Spider Nest.
 10413 | Lair:2   | Reached skill level 10 in Fighting
 10595 | Lair:2   | Learned a level 5 spell: Iskenderun's Battlesphere
 10680 | Lair:2   | Found a staircase to the Swamp.
 10985 | Lair:3   | Noticed Sonja
 10988 | Lair:3   | Killed Sonja
 11018 | Lair:3   | Noticed Nergalle
 11027 | Lair:3   | Killed Nergalle
 11112 | Lair:3   | Noticed a death yak
 11112 | Lair:3   | Noticed a death yak
 11112 | Lair:3   | Noticed a death yak
 11142 | Lair:3   | Killed a death yak
 11143 | Lair:3   | Killed a death yak
 11146 | Lair:3   | Killed a death yak
 11515 | Lair:3   | Reached skill level 10 in Spellcasting
 12340 | Lair:4   | Found a staircase to the Slime Pits.
 12344 | Lair:4   | Offered knowledge of Lee's Rapid Deconstruction by Vehumet.
 12356 | Lair:4   | Learned a level 5 spell: Lee's Rapid Deconstruction
 12431 | Lair:4   | Reached XP level 13. HP: 106/106 MP: 24/27
 12891 | Lair:4   | Reached skill level 5 in Dodging
 12920 | Lair:4   | Reached skill level 6 in Earth Magic
 12964 | Lair:4   | You fall into a shaft and drop 1 floor!
 12964 | Lair:5   | Entered Level 5 of the Lair of Beasts
 13441 | Lair:5   | Reached skill level 7 in Earth Magic
 13846 | Lair:5   | Reached ****** piety under Vehumet
 13854 | Lair:5   | Offered knowledge of Freezing Cloud by Vehumet.
 13864 | Lair:4   | Learned a level 5 spell: Freezing Cloud
 14021 | Lair:5   | Reached skill level 1 in Ice Magic
 14021 | Lair:5   | Reached skill level 1 in Air Magic
 14115 | Lair:5   | Gained mutation: You have hooves in place of feet. [demonic
                  | ancestry]
 14115 | Lair:5   | Reached XP level 14. HP: 112/116 MP: 27/28
 14229 | Lair:5   | Noticed Nessos
 14239 | Lair:5   | Killed Nessos
 15571 | Lair:5   | Identified the +3 ring mail of the Blizzard {rC+}
 15913 | Orc:1    | Entered Level 1 of the Orcish Mines
 15922 | Orc:1    | Offered knowledge of Yara's Violent Unravelling by Vehumet.
 16331 | Orc:2    | Entered Level 2 of the Orcish Mines
 16331 | Orc:2    | Found a staircase to the Elven Halls.
 16672 | Orc:2    | Found Curecwu's Magic Scroll Shoppe.
 16672 | Orc:2    | Found Mogugg's Antique Armour Boutique.
 16673 | Orc:2    | Found Keematua's Distillery.
 16673 | Orc:2    | Found Daskuog's Magic Scroll Shoppe.
 16680 | Orc:2    | Bought a scroll of blinking for 90 gold pieces
 16680 | Orc:2    | Bought a scroll of enchant armour for 90 gold pieces
 16682 | Orc:2    | Bought a potion of brilliance for 40 gold pieces
 16682 | Orc:2    | Bought a potion of mutation for 80 gold pieces
 16682 | Orc:2    | Lost mutation: You occasionally lose the ability to read
                  | scrolls when taking damage. [potion of mutation]
 16682 | Orc:2    | Gained mutation: Your system is resistant to poisons.
                  | (rPois) [potion of mutation]
 16682 | Orc:2    | Gained mutation: Your flesh is cold resistant. (rC+)
                  | [potion of mutation]
 16686 | Orc:2    | Bought a scroll of acquirement for 676 gold pieces
 16686 | Orc:2    | Bought 2 scrolls of enchant armour for 195 gold pieces
 16686 | Orc:2    | Acquired the ring "Gaur" {rF- rC++ Str+3 Int+6 Dex+3}
 16823 | D:11     | Gained mutation: You are completely covered in sharp
                  | spines. [demonic ancestry]
 16823 | D:11     | Reached XP level 15. HP: 127/127 MP: 19/29
 16986 | D:11     | Noticed Josephine
 16991 | D:11     | Killed Josephine
 17092 | D:11     | Reached skill level 10 in Dodging
 17092 | D:11     | Offered knowledge of Spellforged Servitor by Vehumet.
 17456 | D:12     | Noticed quinnr's ghost (journeyman TeVM)
 17489 | D:12     | Found a transporter.
 17492 | D:12     | Found a bloodstained altar of Trog.
 17537 | D:12     | Found a transporter.
 18181 | D:13     | Reached skill level 15 in Fighting
 18241 | D:13     | Found a runed translucent gate.
 18241 | D:13     | Found a runed translucent gate.
 18241 | D:13     | Found a runed translucent gate.
 18241 | D:13     | Noticed an azure jelly
 18242 | D:13     | Noticed a rockslime
 18242 | D:13     | Noticed Liimbo's ghost (journeyman FoWn)
 18242 | D:13     | Noticed an acid blob
 18242 | D:13     | Noticed an acid blob
 18243 | D:13     | Noticed an azure jelly
 18243 | D:13     | Noticed an acid blob
 18244 | D:13     | Noticed an azure jelly
 18249 | D:13     | Got the Octavo of the Squall and Cold
 18376 | D:13     | Found a viscous altar of Jiyva.
 18618 | D:14     | Identified the +2 trident "Areoxymn" {freeze, rPois rC-
                  | rCorr}
 18792 | D:14     | Identified the +1 buckler of Biaculis {rElec rN+ MP+9}
 19031 | D:15     | Entered Level 15 of the Dungeon
 19109 | D:15     | Reached skill level 5 in Air Magic
 19610 | D:15     | Found a staircase to the Depths.
 19814 | D:15     | Learned a level 5 spell: Arcjolt
 19992 | Swamp:1  | Entered Level 1 of the Swamp
 20286 | Swamp:1  | Found a runed translucent gate.
 20286 | Swamp:1  | Found a runed translucent gate.
 20286 | Swamp:1  | Found a runed translucent gate.
 20295 | Swamp:1  | Noticed scisormetimb3rs's ghost (adept AtBe)
 20595 | Swamp:1  | Reached skill level 8 in Earth Magic
 20811 | Swamp:2  | Offered knowledge of Iron Shot by Vehumet.
 20821 | Swamp:2  | Learned a level 6 spell: Iron Shot
 20926 | Swamp:2  | Noticed a thorn hunter
 20931 | Swamp:2  | Killed a thorn hunter
 20932 | Swamp:2  | Reached XP level 16. HP: 136/136 MP: 28/30
 21470 | Swamp:3  | Reached skill level 9 in Earth Magic
 22038 | Swamp:4  | Entered Level 4 of the Swamp
 22234 | Swamp:4  | Reached skill level 10 in Earth Magic
 22792 | Swamp:4  | Reached skill level 11 in Earth Magic
 22884 | Swamp:3  | Noticed a thorn hunter
 22890 | Swamp:3  | Killed a thorn hunter
 23353 | Swamp:4  | Noticed a thorn hunter
 23358 | Swamp:4  | Killed a thorn hunter
 23360 | Swamp:4  | Reached skill level 12 in Earth Magic
 23771 | Swamp:4  | Got a decaying rune of Zot
 23912 | Spider:1 | Entered Level 1 of the Spider Nest
 23912 | Spider:1 | Noticed Agnes
 23918 | Lair:2   | Killed Agnes
 24193 | Spider:2 | Reached skill level 13 in Earth Magic
 24340 | Spider:1 | Reached XP level 17. HP: 142/142 MP: 8/31
 24554 | Spider:2 | Noticed Aizul
 24570 | Spider:2 | Killed Aizul
 24646 | Spider:1 | Reached skill level 14 in Earth Magic
 24884 | Spider:3 | Offered knowledge of Shatter by Vehumet.
 24884 | Spider:3 | Offered knowledge of Chain Lightning by Vehumet.
 24884 | Spider:3 | Offered knowledge of Polar Vortex by Vehumet.
 25130 | Spider:4 | Entered Level 4 of the Spider Nest
 25187 | Spider:4 | Reached skill level 15 in Earth Magic
 25880 | Spider:4 | Reached skill level 16 in Earth Magic
 25925 | Spider:4 | Noticed Bai Suzhen
 26223 | Spider:4 | Killed Bai Suzhen
 26306 | Spider:4 | Learned a level 9 spell: Shatter
 26630 | Spider:4 | Got a gossamer rune of Zot
 26858 | D:12     | Learned a level 1 spell: Apportation
 26894 | D:12     | Identified the staff of death "Wiuxt" {Fly rPois rN+ Dex-3
                  | SInv}
 27016 | Elf:1    | Entered Level 1 of the Elven Halls
 27155 | Elf:1    | Reached skill level 17 in Earth Magic
 27231 | Elf:1    | Found Elyqouv's Weapon Boutique.
 27364 | Elf:1    | Gained mutation: Your movements are less encumbered by
                  | armour. (ER -4) [demonic ancestry]
 27364 | Elf:1    | Reached XP level 18. HP: 149/149 MP: 32/32
 27809 | Elf:2    | Reached skill level 18 in Earth Magic
 27950 | Elf:2    | Found a runed translucent gate.
 27950 | Elf:2    | Found a runed translucent gate.
 27950 | Elf:2    | Found a runed translucent gate.
 28109 | Elf:2    | Found a runed translucent door.
 28156 | Elf:2    | Found a shimmering altar of Xom.
 28156 | Elf:2    | Noticed Soammui's ghost (adept MiBe)
 28294 | Elf:3    | Entered Level 3 of the Elven Halls
 28954 | Elf:3    | Reached skill level 19 in Earth Magic
 29179 | Elf:3    | Got The Foundations of the Arcane Arts
 29180 | Elf:3    | Identified the ring of Yrakeaby {rC+ rN+ MP-9 Str+6}
 29192 | Elf:3    | Identified the ring of Dim Light {Fly rCorr Int+3 Dex+3}
 29206 | Elf:3    | Identified the staff of poison "Reclyeph" {rElec rPois
                  | Str+3 Dex+3}
 29228 | Elf:3    | Identified the +10 war axe of Terra Cotta {antimagic, rC+
                  | Will+}
 29261 | Elf:3    | Identified the +0 lajatang of the Invisible Tusks {chaos,
                  | rPois rC- Will++ Int+2}
 29262 | Elf:3    | Identified the staff of earth "Bufim" {SInv}
 29269 | Elf:3    | Got Pesofras's Catalogue of Feathery Contamination
 29276 | Elf:3    | Identified the staff of fire "Ascheu Qerek" {*Slow rF+
                  | rCorr Str+2 Int+3}
 29813 | D:13     | Found a gate to the Vaults.
 29825 | Vaults:1 | Entered Level 1 of the Vaults
 29842 | Vaults:1 | Noticed Asterion
 29924 | Vaults:1 | Reached skill level 20 in Earth Magic
 29926 | Vaults:1 | Killed Asterion
 29927 | Vaults:1 | Gained mutation: Your presence sometimes corrodes those you
                  | injure. [demonic ancestry]
 29927 | Vaults:1 | Reached XP level 19. HP: 113/155 MP: 8/33
 30403 | Vaults:1 | Noticed Saint Roka
 30411 | Vaults:1 | Killed Saint Roka
 31389 | Vaults:2 | Reached skill level 21 in Earth Magic
 32658 | Vaults:3 | Paralysed by a great orb of eyes for 3 turns
 32991 | Vaults:3 | Found Poroif's Antique Armour Shoppe.
 33003 | Vaults:3 | Gained mutation: Your movements are significantly less
                  | encumbered by armour. (ER -6) [demonic ancestry]
 33003 | Vaults:3 | Reached XP level 20. HP: 146/166 MP: 21/34
 33066 | Vaults:3 | Bought a crude robe for 222 gold pieces
 33066 | Vaults:3 | Identified the +0 robe of Ymenny {rElec rPois Will+ rCorr}
                  | (You bought it in a shop on level 3 of the Vaults)
 33381 | Vaults:3 | Found a staircase to the Crypt.
 33636 | Vaults:4 | Reached skill level 22 in Earth Magic
 34090 | Vaults:4 | Noticed Margery
 34100 | Vaults:4 | Killed Margery
 34580 | Vaults:4 | Reached skill level 1 in Armour
 34983 | Depths:1 | Entered Level 1 of the Depths
 35410 | Depths:1 | Found Yduonyst's Antique Weapon Emporium.
 35425 | Depths:1 | Identified the +4 morningstar of Fortitude {flame, *Corrode
                  | rF+ rC+}
 35983 | Depths:2 | Reached skill level 23 in Earth Magic
 36301 | Depths:3 | Reached XP level 21. HP: 176/176 MP: 26/35
 36336 | Depths:3 | Reached skill level 5 in Armour
 36753 | Depths:3 | Noticed an ancient lich
 36837 | Depths:3 | Killed an ancient lich
 36978 | Depths:3 | You fall into a shaft and drop 1 floor!
 36978 | Depths:4 | Entered Level 4 of the Depths
 36978 | Depths:4 | Found a stormy altar of Qazlal.
 37031 | Depths:4 | Found a transporter.
 37058 | Depths:4 | Found Cies's Antique Armour Boutique.
 37060 | Depths:4 | Bought an embroidered scarf for 328 gold pieces
 37457 | Depths:3 | Noticed Vv
 37461 | Depths:3 | Killed Vv
 37727 | Depths:4 | Noticed a golden dragon
 37734 | Depths:4 | Killed a golden dragon
 37920 | Depths:2 | Reached skill level 24 in Earth Magic
 38131 | Depths:3 | Identified the +0 leather armour of the Barber Surgeon
                  | {rF+}
 38473 | Depths:4 | Noticed Boris
 38476 | Depths:4 | Killed Boris
 38708 | Depths:4 | Found a gateway to Hell.
 38762 | Depths:4 | Noticed a golden dragon
 38766 | Depths:4 | Found a gate to the Realm of Zot.
 38770 | Depths:4 | Killed a golden dragon
 38887 | Depths:1 | Gained mutation: When low on magic, you restore magic in
                  | place of health. [demonic ancestry]
 38887 | Depths:1 | Reached XP level 22. HP: 186/186 MP: 34/36
 39321 | Vaults:5 | Entered Level 5 of the Vaults
 39338 | Vaults:5 | Noticed an ancient lich
 39339 | Vaults:5 | Noticed a golden dragon
 39339 | Vaults:5 | Noticed a golden dragon
 39340 | Vaults:5 | Killed an ancient lich
 39343 | Vaults:5 | Killed a golden dragon
 39346 | Vaults:5 | Killed a golden dragon
 39348 | Vaults:5 | Noticed a golden dragon
 39358 | Vaults:5 | Killed a golden dragon
 39359 | Vaults:5 | Reached skill level 25 in Earth Magic
 39366 | Vaults:5 | Identified the +6 quarterstaff of Geejody {antimagic, rElec
                  | rPois}
 39389 | Vaults:5 | Noticed Mara
 39459 | Vaults:5 | Killed Mara
 39498 | Vaults:5 | Identified the +8 chain mail of the Morning Star {Str+3
                  | Dex+7}
 39555 | Vaults:5 | Noticed Jory
 39559 | Vaults:5 | Killed Jory
 39577 | Vaults:5 | Noticed an ancient lich
 39579 | Vaults:5 | Killed an ancient lich
 39586 | Vaults:5 | Reached XP level 23. HP: 190/196 MP: 16/38
 39647 | Vaults:5 | Got a silver rune of Zot
 39680 | Vaults:5 | Identified the staff of fire "Taicen" {rPois rF+ Str+6}
 39692 | Vaults:5 | Identified the +8 quarterstaff of Iconoclasm {flame, rElec
                  | rF+ Str+3 Int-5}
 39729 | Vaults:5 | Found the +3 crown of Dyrovepreva {rElec Int+2 SInv}
 39736 | Vaults:5 | Got Sif Muna's Precepts of the Viridian Impact
 39868 | Vaults:5 | Acquired 752 gold pieces
 39909 | Vaults:5 | Got the Collected Works on the Tincture and the Door
 40040 | Crypt:1  | Entered Level 1 of the Crypt
 40041 | Crypt:1  | Noticed rrossfarrar's ghost (veteran BaFi)
 40041 | Crypt:1  | Noticed Ciwiv's ghost (veteran FoFi)
 40042 | Crypt:1  | Noticed Woadakig's ghost (veteran FoFi)
 40044 | Crypt:1  | Noticed Hynnuzim's ghost (veteran CeHu)
 40045 | Crypt:1  | Noticed Hynnuzim's ghost (veteran CeHu)
 40045 | Crypt:1  | Noticed Jetyrhek's ghost (veteran GrEE)
 40046 | Crypt:1  | Noticed Xenat's ghost (veteran MiGl)
 40046 | Crypt:1  | Noticed rrossfarrar's ghost (veteran BaFi)
 40048 | Crypt:1  | Noticed Kucw's ghost (adept GrFi)
 40048 | Crypt:1  | Noticed Fainec's ghost (veteran GrEE)
 40050 | Vaults:3 | Killed Ciwiv's ghost
 40089 | Vaults:3 | Slain by Woadakig's ghost

Illustrated notes

Levels and vault maps discovered:
D:1:      giann_bridges, layout_loops_ring, grunt_decor_mini_mirrors
D:2:      layout_basic, basic_altar, bh_walls_and_bars, uniq_jessica,
          uniq_natasha, uniq_robin
D:3:      layout_rooms, jmf_multi_god_temple2,
          hellmonk_ecumenical_altar_watching_god
D:4:      layout_cave_pools, kennysheep_mini_moat, mainiacjoe_overflow_24_doors
D:5:      layout_basic, dk_xom_monty_hall, minmay_temple_entry_butterflies,
          gammafunk_ghost_cemetery, small_statue_intersection, uniq_duvessa
D:6:      layout_cave_pools, nicolae_elyvilon_peaceful_grove,
          hellmonk_okawaru_the_only_friend_you_need, serial_shops,
          nicolae_shop_hallway_plus, minmay_misc_feat_tower
D:7:      layout_layer_cave
D:8:      layout_loops_ring, hellmonk_lair_entry_icy,
          gammafunk_ghost_gnarly_gnolls, serial_shops,
          nicolae_shop_real_fake_doors, uniq_prince_ribbit1
D:9:      layout_long_grid, enter_bailey_3, serial_demonic, serial_demonic_g,
          serial_demonic_e, serial_demonic_b, serial_demonic_g
D:10:     layout_roguey, tso_altar, david_orc_4
D:11:     layout_basic, serial_aquarium, aquarium_bridge_square
          [aquarium_subvault_bridge, aquarium_subvault_bridge,
          aquarium_subvault_window, aquarium_subvault_bridge],
          aquarium_bridge_long_separate [aquarium_subvault_window,
          aquarium_subvault_bridge, aquarium_subvault_wall,
          aquarium_subvault_bridge, aquarium_subvault_balcony,
          aquarium_subvault_bridge], aquarium_window_2, aquarium_window_2,
          aquarium_view_2c, aquarium_balcony_1b, aquarium_pool_1,
          nicolae_titane, uniq_erica, uniq_lodul, uniq_josephine
D:12:     layout_loops_cross, gammafunk_ghost_wrathful_warriors
D:13:     layout_gridville, david_vaults_4, gammafunk_ghost_ooze
D:14:     layout_basic, grunt_decor_cap, hex_large
D:15:     grunt_enter_depths_snipers, layout_rooms, grunt_dithmenos_smoke
Temple:   nicolae_temple_ecumenical_triangle
Lair:1:   layout_misc_corridors, infiniplex_staircase_pool
Lair:2:   layout_long_grid, minmay_swamp_entry_worms,
          spider_nest_entry_web_field, ldierk_geyser, grunt_megastairs_2
Lair:3:   layout_layer_cave, special_room [special_room_bee], uniq_nergalle,
          uniq_sonja
Lair:4:   layout_regular_city, nicolae_slime_entry_field_trip
Lair:5:   guppyfry_lair_end_dragon, layout_cave_shapes,
          hangedman_lair_caniforms_friends, pdpol_lair_neglected_garden,
          grunt_megastairs_3, lemuel_fruit_fields, uniq_nessos
Swamp:1:  layout_falls_marsh, gammafunk_ghost_hydra_chop,
          nicolae_swamp_trees_clearing
Swamp:2:  cheibrodos_swamp_heart_of_darkness, layout_basic_swamp,
          evilmike_swamp_ruin_house_1, swamp_pool1
Swamp:3:  layout_basic_swamp, evilmike_swamp_ruin_house_2
Swamp:4:  swamp_basic_johnstein, layout_basic_swamp, swamp_pool1
Spider:1: layout_spider_delve, uniq_donald, uniq_agnes, uniq_roxanne
Spider:2: layout_spider_delve, special_room, nicolae_spider_bug_shape,
          uniq_aizul
Spider:3: nicolae_spider_hilbert_zone_6 [nicolae_spider_hilbert_4_sides_1_open,
          nicolae_spider_hilbert_4_sides_1_open,
          nicolae_spider_hilbert_4_sides_1_open,
          nicolae_spider_hilbert_4_sides_1_open,
          nicolae_spider_hilbert_4_sides_1_open,
          nicolae_spider_hilbert_4_sides_1_open,
          nicolae_spider_hilbert_4_sides_1_open], hive_lemuel
Spider:4: grunt_spider_rune_island, nicolae_spider_wall_of_niches,
          uniq_bai_suzhen
Orc:1:    cheibrodos_orc_guarddog, layout_diamond_mine
Orc:2:    st_orc_ogre_mass, layout_caves, basic_altar, mines2_lemuel
Elf:1:    eino_elf_arrival_customs, layout_loops_cross, serial_shops,
          nicolae_shop_behind_doors, minmay_elf_necromancy,
          hangedman_elf_simple_split, lemuel_upstairs_altar, minmay_shop_grove
Elf:2:    elven_hall_of_blades_hangedman_original [nicolae_blade_lattice],
          layout_loops_cross, ebering_ghost_xom
Elf:3:    minmay_elf_hall, layout_loops_corners
Vaults:1: nicolae_vaults_sesquioval_fish, nicolae_vaults_closet_pinwheel_4,
          nicolae_vaults_gold_heap, nicolae_vaults_tetromino_Z_2,
          nicolae_vaults_trapezoid_4, hangedman_vaults_slice,
          vaults_room_fancy_cross, v_alt_pattern_5, layout_vaults_quadrants,
          uniq_asterion, uniq_saint_roka
Vaults:2: v_misc_32, v_misc_12, nicolae_vaults_puzzle_piece,
          nicolae_vaults_apartment_1, ontoclasm_vaults_misaligned,
          nicolae_vaults_more_shelving_1, ontoclasm_vaults_ring_small,
          nicolae_vaults_angled_halls, nicolae_vaults_border_crossing,
          vaults_room_corners, grunt_vaults_focal, ontoclasm_vaults_twist,
          v_misc_15, nicolae_vaults_trapezoid_3,
          nicolae_vaults_storage_room_statues, layout_vaults_ring
Vaults:3: ontoclasm_vaults_ring_small, nicolae_vaults_storage_closets_3,
          v_rooms_4, vaults_dpeg_spiral, vaults_room_grid,
          hangedman_vaults_pinch, nicolae_vaults_mitosis,
          ontoclasm_vaults_shuriken, nicolae_vaults_little_guard_posts,
          grunt_vaults_funnel, nicolae_vaults_weapon_check,
          layout_vaults_omnicross, serial_shops, nicolae_shop_behind_doors
Vaults:4: nicolae_vaults_lightning_bolt, nicolae_vaults_little_ls,
          vaults_dpeg_doors, ontoclasm_vaults_gateway, nicolae_vaults_diamond_2,
          vaults_room_pool, layout_vaults_big_room, uniq_margery
Vaults:5: uniq_jory, uniq_mara
Crypt:1:  layout_catacombs, gammafunk_ghost_door_vault, uniq_frederick
Depths:1: layout_cross, hellmouth_1, hangedman_abyss_entry_splay,
          chequers_decorated_corner, nicolae_trove_entry_free_sample,
          serial_shops, shop, hangedman_decor_lopped, kennysheep_generic_room_5,
          serial_bayou_shore_b
Depths:2: minmay_the_grid_3x2 [minmay_the_grid_artifice,
          minmay_the_grid_minigrid_small_alt, minmay_the_grid_diamond_grid,
          minmay_the_grid_outer_diamond, minmay_the_grid_x,
          minmay_the_grid_prize_shrinking_boxes], layout_gridlike,
          pf_coc_iceberg, rand_demon_pan_entry_1, infiniplex_staircase_pillars_1
Depths:3: minmay_tri_stars, layout_basic, enter_ziggurat_f,
          minmay_misc_feat_ornament, abyss_entry, hell_entry, uniq_vv
Depths:4: grunt_twist_and_shout, layout_honeycomb,
          nicolae_qazlal_general_emergency, pf_hell_entry_tar_spiral,
          serial_shops, shop_fountains, nicolae_diode_basic, uniq_boris,
          uniq_mennas

Skill      XL: |  1  2  3  4  5  6  7  8  9 10 11 12 13 14 15 16 17 18 19 20 21 22 |
---------------+-------------------------------------------------------------------+-----
Short Blades   | 3 4 |  4.3
Shields        | 1 2 3 4 5 |  5.0
Spellcasting   | 1 2 4 5 6 7 8 10 11 | 11.7
Fighting       | 4 5 6 8 9 11 12 14 15 16 17 18 19 | 19.8
Conjurations   | 1 2 4 6 9 10 11 13 | 13.0
Translocations | 2 |  2.0
Fire Magic     | 2 3 4 |  4.1
Earth Magic    | 1 3 5 7 8 13 17 20 21 23 24 25 | 25.5
Dodging        | 4 7 9 11 12 | 12.0
Ice Magic      | 1 4 |  4.0
Air Magic      | 1 4 6 |  6.6
Armour         | 4 7 9 |  9.0

Action                     |  1- 3 |  4- 6 |  7- 9 | 10-12 | 13-15 | 16-18 | 19-21 | 22-24 || total
---------------------------+-------+-------+-------+-------+-------+-------+-------+-------++-------
  Melee: Short sword       |   146 |   187 |   266 |     6 |       |       |       |       ||   605
         Unarmed           |       |       |     2 |       |       |       |       |       ||     2
         Staff             |       |       |       |     3 |    14 |   118 |    71 |     4 ||   210
         Kick              |       |       |       |       |     3 |    53 |    33 |     4 ||    93
   Cast: Momentum Strike   |       |     4 |    23 |       |       |       |       |       ||    27
         Stone Arrow       |       |       |    13 |   211 |   534 |       |       |       ||   758
         Flame Wave        |       |       |     9 |    31 |     9 |       |       |       ||    49
         Iskenderun's Batt |       |       |       |    13 |    96 |    43 |     7 |       ||   159
         Freezing Cloud    |       |       |       |       |    38 |    84 |    40 |       ||   162
         Lee's Rapid Decon |       |       |       |       |     3 |    12 |       |       ||    15
         Iron Shot         |       |       |       |       |     6 |   383 |   315 |    26 ||   730
         Arcjolt           |       |       |       |       |     6 |    77 |    49 |     3 ||   135
         Apportation       |       |       |       |       |       |     1 |       |       ||     1
         Shatter           |       |       |       |       |       |       |   158 |    62 ||   220
  Evoke: Wand              |       |       |       |     2 |       |       |       |       ||     2
         Lightning rod     |       |       |       |       |       |     3 |     1 |       ||     4
         Phial of floods   |       |       |       |       |       |     1 |       |       ||     1
    Use: Scroll            |       |     6 |     4 |    14 |    13 |    16 |    15 |     3 ||    71
         Potion            |       |       |     3 |     4 |     1 |    11 |     3 |     2 ||    24
   Stab: Sleeping          |       |     4 |       |       |       |       |       |       ||     4
         Invisible         |       |       |       |       |       |     1 |       |       ||     1
 Armour: Robe              |    10 |    18 |    31 |    10 |       |       |       |       ||    69
         Leather armour    |    18 |       |       |       |       |       |       |       ||    18
         Animal skin       |       |     6 |       |       |       |       |       |       ||     6
         Skin              |       |       |     2 |       |       |       |       |       ||     2
         Troll leather arm |       |       |       |    14 |    46 |   101 |    31 |       ||   192
         Fire dragon scale |       |       |       |       |       |       |    85 |    27 ||   112
  Dodge: Dodged            |    48 |    39 |    97 |    64 |   213 |   471 |   311 |    42 ||  1285
         Repelled          |       |       |     2 |       |    13 |    11 |     7 |       ||    33
  Block: Buckler           |    30 |    34 |    97 |    84 |   102 |   162 |   120 |    21 ||   650
